 Dungeon Crawl Stone Soup version 0.28-a0-390-gb254ac4902 (webtiles) character file.

Game seed: 963498801009891898

26138 jdzakarian the Spear-Bearer (level 13, -4/101 HPs)
             Began as a Human Berserker on Sept 3, 2021.
             Was an Elder of Trog.
             Slain by a vault guard (13 damage)
             ... on level 13 of the Dungeon.
             The game lasted 01:14:54 (11193 turns).

jdzakarian the Spear-Bearer (Human Berserker)      Turns: 11193, Time: 01:14:56

Health: -4/101     AC: 19    Str: 23    XL:     13   Next: 55%
Magic:  14/14      EV: 16    Int:  9    God:    Trog [****..]
Gold:   708        SH:  0    Dex: 19    Spells: 12/12 levels left

rFire   + . .      SeeInvis .   e - +4 demon trident of Light {elec, Str+6 Dex+2}
rCold   . . .      Faith    +   (no shield)
rNeg    . . .      Spirit   .   c - +4 ring mail of a treasure trove {*Corrode rPois Regen+ Stlth+}
rPois   +          Reflect  .   d - +0 helmet
rElec   .          Harm     .   f - +0 cloak
rCorr   .          Rampage  .   (no gloves)
Will    .....                   i - +1 pair of boots
Stlth   ++++......              n - amulet of faith
HPRegen 1.26/turn               b - +4 ring of protection
MPRegen 0.14/turn               v - ring of protection from fire

@: about to teleport
A: no striking features
a: Renounce Religion, Berserk, Trog's Hand, Brothers in Arms


You were on level 13 of the Dungeon.
You worshipped Trog.
Trog was greatly pleased with you.
You visited 1 branch of the dungeon, and saw 12 of its levels.
You also visited: Sewer.

You collected 752 gold pieces.
You spent 44 gold pieces at shops.

Inventory:

Hand Weapons
 e - the +4 demon trident of Light (weapon) {elec, Str+6 Dex+2}
   (You acquired it on level 5 of the Dungeon)

   It occasionally discharges a powerful burst of electricity upon striking a
   foe.
   Str:       It affects your strength (+6).
   Dex:       It affects your dexterity (+2).
Missiles
 y - 42 poisoned darts (quivered)
Armour
 c - the +4 ring mail of a treasure trove (worn) {*Corrode rPois Regen+ Stlth+}
   (You found it on level 4 of the Dungeon)

   rPois:     It protects you from poison.
   Regen:     It increases your rate of health regeneration.
   *Corrode:  It may corrode you when you take damage.
   Stlth:     It makes you more stealthy.
 d - a +0 helmet (worn)
 f - a +0 cloak (worn)
 i - a +1 pair of boots (worn)
Jewellery
 b - a +4 ring of protection (left hand)
 m - a +4 ring of protection
 n - an amulet of faith (around neck)
 q - a ring of see invisible
 s - an amulet of the acrobat
 v - a ring of protection from fire (right hand)
 x - a +6 ring of strength
Wands
 g - a wand of polymorph (3)
 u - a wand of digging (6)
 B - a wand of paralysis (6)
Scrolls
 a - a scroll of enchant armour
 h - a scroll of blinking
 j - a scroll of fear
 l - a scroll of summoning
 t - 3 scrolls of teleportation
 z - a scroll of immolation
 A - a scroll of silence
Potions
 k - 2 potions of curing
 o - a potion of lignification
 r - 2 potions of attraction
 D - a potion of haste


   Skills:
 + Level 9.4 Fighting
 + Level 2.0(2.3) Short Blades
 + Level 1.8(2.3) Long Blades
 + Level 1.8(9.3) Axes
 + Level 1.8(2.5) Maces & Flails
 + Level 13.5(13.6) Polearms
 + Level 1.8(9.3) Staves
 + Level 1.8(2.8) Slings
 + Level 1.8 Bows
 + Level 2.3 Crossbows
 + Level 3.3(3.5) Throwing
 + Level 7.5 Armour
 + Level 8.0 Dodging
 + Level 5.3 Stealth
 + Level 1.8 Shields
 + Level 1.8 Unarmed Combat
 + Level 2.6 Invocations
 + Level 4.1 Evocations


You had 12 spell levels left.
You didn't know any spells.
Your spell library contained the following spells:

 Spells                   Type           Power      Damage    Failure   Level
 Shock                    Conj/Air       0%         1d3       52%         1
 Call Canine Familiar     Summ           0%         N/A       87%         3
 Portal Projectile        Hex/Tloc       0%         N/A       87%         3
 Swiftness                Air            0%         N/A       87%         3
 Airstrike                Air            0%         N/A       99%         4
 Leda's Liquefaction      Hex/Erth       0%         N/A       99%         4


Dungeon Overview and Level Annotations

Branches:
Dungeon (13/15)            Temple (0/1) D:4          Vaults (0/5) D:13
  Sewer (visited)
   Lair: D:8-11         Orc: D:9-12

Altars:
Elyvilon
Hepliaklqana
Nemelex Xobeh
Qazlal
Trog
Vehumet
Wu Jian
Xom
The Shining One

Shops:
D:7 *


Message History

The vault guard hits you but does no damage.
The vault guard barely misses you.
You puncture the vault guard!
The vault guard is moderately wounded.
The vault guard barely misses you.
You barely miss the vault guard.
The vault guard is moderately wounded.
The vault guard barely misses you.
The vault guard hits you with a +1 great sword.
You hit the vault guard but do no damage.
The vault guard is moderately wounded.
The vault guard misses you.
The vault guard hits you from afar with a +0 bardiche!
The vault guard misses you.
You hit the vault guard but do no damage.
Lightning courses through the vault guard!
The vault guard is heavily wounded.
You hit the vault guard but do no damage.
The vault guard is heavily wounded.
The vault guard hits you from afar with a +0 glaive.
The vault guard hits you from afar with a +0 bardiche!
* * * LOW HITPOINT WARNING * * *
The vault guard completely misses you.
Throw: 43 darts (poison)
Press: ? - help, Q - select action, (/) - cycle Shift-Dir - straight line, f - vault guard
Aim: a vault guard, wielding a +1 great sword and wearing a +0 plate armour (heavily wounded, 66% to hit)
You throw a poisoned dart. The poisoned dart hits the vault guard.
The vault guard is poisoned.
The vault guard is heavily wounded.
The vault guard hits you but does no damage.
The vault guard hits you from afar with a +0 bardiche!
* * * LOW HITPOINT WARNING * * *
The vault guard completely misses you.
Okay, then.
As you read the scroll of teleportation, it crumbles to dust.
You feel strangely unstable.
The vault guard hits you from afar with a +0 glaive.
* * * LOW HITPOINT WARNING * * *
The vault guard hits you from afar with a +0 bardiche!
You die...

...######........# #.......#
...).............# #.......#
.##'###########..# #.......#
.#............#..#######.......#
.#............#................#
.#............##...............##
.#..>..........#.................
.#.............#.###########...##
.#.............#@# #...#
.###############p# #...#
).........p.p..pp# #...#
.................###########>..#
.......>#####..................#
........# #..........#########
........# #..........# #########
############ #


You could see 3 vault guards.

Vanquished Creatures
  Jorgrun (D:12)
  A hydra (D:12)
  A vault guard (D:13)
  3 boulder beetles
  A centaur warrior (D:13)
  2 two-headed ogres
  Pikel (D:7)
  A deep elf pyromancer (D:13)
  A cyclops (D:11)
  An ugly thing (D:7)
  3 gargoyles
  4 kobold demonologists
  A komodo dragon (D:12)
  A troll (D:13)
  A hornet (D:9)
  6 slime creatures (D:13)
  A vampire (D:13)
  A wyvern (D:11)
  13 yaks
  A wraith (D:11)
  A steam dragon (D:8)
  A basilisk (D:13)
  Menkaure (D:7)
  An acid dragon (D:12)
  Duvessa (D:7)
  2 hornet zombies
  2 orc warriors (D:6)
  3 black bears
  2 necrophages
  An ogre (D:5)
  3 centaurs
  2 phantoms
  4 kobold brigands
  3 lemures (D:7)
  5 bullfrogs
  2 scorpions (D:5)
  Dowan (D:7)
  11 killer bees
  4 howler monkeys
  2 bullfrog zombies
  2 centaur zombies
  4 hounds
  A jelly (D:5)
  5 orc priests
  3 iguanas
  A bullfrog skeleton (D:5)
  A gnoll shaman (D:5)
  9 orc wizards
  6 gnolls
  14 adders
  2 shadow imps
  A white imp (D:8)
  3 ufetubi
  An adder skeleton (D:4)
  2 worms
  3 dart slugs (D:1)
  27 orcs
  15 ball pythons
  3 bats
  16 endoplasms
  15 giant cockroaches
  6 goblins
  7 hobgoblins
  3 jackals (D:1)
  7 quokkas
  11 frilled lizards
  13 kobolds
  4 rats
282 creatures vanquished.

Vanquished Creatures (collateral kills)
  A rat (D:2)
1 creature vanquished.

Vanquished Creatures (others)
  16 plants (D:7)
16 creatures vanquished.

Grand Total: 299 creatures vanquished

Notes
Turn   | Place    | Note
-------+----------+-------------------------------------------
     0 | D:1      | jdzakarian the Human Berserker began the quest for the Orb.
     0 | D:1      | Reached XP level 1. HP: 18/18 MP: 1/1
   240 | D:1      | Reached XP level 2. HP: 24/24 MP: 2/2
   370 | D:1      | Found a faded altar of an unknown god.
   569 | D:1      | Reached XP level 3. HP: 29/29 MP: 3/3
  1289 | D:2      | Reached ** piety under Trog
  1633 | D:2      | Reached XP level 4. HP: 33/35 MP: 4/4
  1859 | D:2      | Reached skill level 4 in Polearms
  1999 | D:3      | Reached XP level 5. HP: 41/41 MP: 5/5
  2458 | D:3      | Found a sparkling altar of Nemelex Xobeh.
  2841 | D:4      | Found a staircase to the Ecumenical Temple.
  2846 | D:4      | Noticed a necrophage
  2908 | D:4      | Killed a necrophage
  2909 | D:4      | Reached skill level 1 in Stealth
  2909 | D:4      | Reached XP level 6. HP: 15/48 MP: 6/6
  3116 | D:4      | Reached skill level 5 in Polearms
  3194 | D:4      | Reached *** piety under Trog
  3257 | D:4      | Identified the +4 ring mail of a treasure trove {*Corrode
                  | rPois Regen+ Stlth+}
  3673 | D:4      | Reached XP level 7. HP: 54/54 MP: 7/7
  4038 | D:5      | Entered Level 5 of the Dungeon
  4156 | D:5      | Reached skill level 6 in Polearms
  4212 | D:5      | Found a glowing drain.
  4234 | Sewer    | Entered a sewer
  4422 | Sewer    | Reached **** piety under Trog
  4449 | Sewer    | Reached XP level 8. HP: 61/61 MP: 8/8
  4983 | D:5      | Identified a scroll of acquirement
  4983 | D:5      | Acquired the +4 demon trident of Light {elec, Str+6 Dex+2}
  5089 | D:5      | Reached skill level 7 in Polearms
  5267 | D:5      | Found a radiant altar of Vehumet.
  5270 | D:5      | Found a white marble altar of Elyvilon.
  5270 | D:5      | Found a glowing golden altar of the Shining One.
  5270 | D:5      | Found an ornate altar of the Wu Jian Council.
  5276 | D:5      | Found a hazy altar of Hepliaklqana.
  5276 | D:5      | Found a bloodstained altar of Trog.
  5334 | D:6      | Found a shimmering altar of Xom.
  5361 | D:6      | Reached skill level 5 in Fighting
  5361 | D:6      | Reached XP level 9. HP: 38/68 MP: 9/9
  5378 | D:6      | Reached skill level 8 in Polearms
  5458 | D:6      | Reached skill level 5 in Armour
  6250 | D:7      | Reached skill level 9 in Polearms
  6289 | D:7      | Reached skill level 5 in Dodging
  6347 | D:7      | Noticed Menkaure
  6353 | D:7      | Killed Menkaure
  6414 | D:7      | Found Firix's Assorted Antiques.
  6417 | D:7      | Bought a scroll labelled KOZOACLOSEO for 22 gold pieces
  6417 | D:7      | Bought a scroll labelled GEGUYF BOSSOIV for 22 gold pieces
  6543 | D:7      | Noticed Pikel
  6678 | D:7      | Killed Pikel
  6679 | D:7      | Reached XP level 10. HP: 76/76 MP: 10/10
  6838 | D:7      | Reached skill level 10 in Polearms
  6886 | D:7      | Noticed a brown ugly thing
  6905 | D:7      | Killed a brown ugly thing
  7022 | D:7      | Noticed Duvessa
  7022 | D:7      | Noticed Dowan
  7029 | D:7      | Killed Dowan
  7037 | D:7      | Killed Duvessa
  7235 | D:7      | Identified the +8 spear of Tuggugg {vamp, rC++ rN+ Will+}
  7235 | D:7      | Noticed a gargoyle
  7244 | D:7      | Killed a gargoyle
  7829 | D:8      | Reached skill level 11 in Polearms
  7854 | D:8      | Reached XP level 11. HP: 68/84 MP: 11/11
  8295 | D:9      | Found a stormy altar of Qazlal.
  8507 | D:9      | Noticed a two-headed ogre
  8518 | D:9      | Killed a two-headed ogre
  8519 | D:9      | Reached skill level 1 in Evocations
  8589 | D:9      | You fall into a shaft and drop 2 floors!
  8590 | D:11     | Noticed a cyclops
  8610 | D:11     | Killed a cyclops
  8736 | D:11     | Reached skill level 12 in Polearms
  8986 | D:11     | Reached skill level 1 in Long Blades
  8986 | D:11     | Reached skill level 1 in Axes
  8986 | D:11     | Reached skill level 1 in Maces & Flails
  8986 | D:11     | Reached skill level 1 in Staves
  8986 | D:11     | Reached skill level 1 in Slings
  8986 | D:11     | Reached skill level 1 in Bows
  8986 | D:11     | Reached skill level 1 in Shields
  8986 | D:11     | Reached skill level 1 in Unarmed Combat
  8986 | D:11     | Reached XP level 12. HP: 92/92 MP: 11/13
  9272 | D:11     | Reached skill level 5 in Stealth
  9642 | D:12     | Noticed a two-headed ogre
  9654 | D:12     | Killed a two-headed ogre
  9836 | D:12     | Noticed Jorgrun
  9862 | D:12     | Noticed a sun demon
  9874 | D:12     | Noticed a soul eater
  9874 | D:12     | Killed Jorgrun
  9875 | D:12     | Reached XP level 13. HP: 80/99 MP: 14/14
 10157 | D:12     | Noticed a six-headed hydra
 10166 | D:12     | Killed a six-headed hydra
 10371 | D:12     | Noticed a boulder beetle
 10375 | D:12     | Noticed a boulder beetle
 10400 | D:12     | Killed a boulder beetle
 10401 | D:12     | Reached skill level 13 in Polearms
 10415 | D:12     | Killed a boulder beetle
 10776 | D:13     | Noticed a centaur warrior
 10798 | D:13     | Killed a centaur warrior
 10951 | D:13     | Noticed a boulder beetle
 10964 | D:13     | Killed a boulder beetle
 11135 | D:13     | Found a gate to the Vaults.
 11135 | D:13     | Noticed a vault guard
 11135 | D:13     | Noticed a vault guard
 11135 | D:13     | Noticed a vault guard
 11136 | D:13     | Noticed a vault guard
 11136 | D:13     | Noticed a vault guard
 11136 | D:13     | Noticed a vault guard
 11137 | D:13     | Noticed a vault guard
 11137 | D:13     | Noticed a vault guard
 11163 | D:13     | Killed a vault guard
 11193 | D:13     | Slain by a vault guard

Illustrated notes

Levels and vault maps discovered:
D:1:      minmay_arrival_arboretum_small, layout_loops_ring,
          basic_ecumenical_altar
D:2:      layout_rooms
D:3:      layout_basic, amcnicky_altar_gilded
D:4:      layout_basic, minmay_temple_entry_glass
D:5:      layout_loops_cross, minmay_overflow_temple_hex, portal_sewer_entry_b,
          st_stairs_8
D:6:      layout_loops_cross, xom_teletrap_fun,
          minmay_a_box_with_orc_wizards_in_it
D:7:      nzn_winding_woodlands_three_and_one [nzn_winding_woodlands_5x15_cabin,
          nzn_winding_woodlands_5x15_lazy_stream,
          nzn_winding_woodlands_5x15_garden,
          nzn_winding_woodlands_center_diamonds], layout_basic, serial_curves,
          eino_curves_03, eino_curves_03, serial_shops,
          nicolae_shop_behind_doors, uniq_menkaure, uniq_duvessa, uniq_pikel
D:8:      layout_loops_ring, minmay_holes
D:9:      layout_roguey, kennysheep_mini, marbit_many_paths,
          mainiacjoe_overflow_chevrons, lair_entry_dummy
D:11:     layout_irregular_city
D:12:     layout_roguey, uniq_jorgrun
D:13:     layout_irregular_city, erik_vaults_2

Skill      XL: |  1  2  3  4  5  6  7  8  9 10 11 12 13 |
---------------+----------------------------------------+-----
Polearms       | 4 5 6 7 9 11 12 13 | 13.5
Armour         | 3 4 5 6 7 |  7.5
Dodging        | 3 4 5 6 7 8 |  8.0
Stealth        | 1 2 3 4 5 |  5.3
Fighting       | 4 5 6 7 8 9 |  9.4
Evocations     | 3 4 |  4.1
Short Blades   | 2 |  2.0
Long Blades    | 1 |  1.8
Axes           | 1 |  1.8
Maces & Flails | 1 |  1.8
Staves         | 1 |  1.8
Slings         | 1 |  1.8
Bows           | 1 |  1.8
Crossbows      | 2 |  2.3
Throwing       | 2 3 |  3.3
Shields        | 1 |  1.8
Unarmed Combat | 1 |  1.8
Invocations    | 2 |  2.6

Action                   |  1- 3 |  4- 6 |  7- 9 | 10-12 | 13-15 || total
-------------------------+-------+-------+-------+-------+-------++-------
Melee: Spear             |    92 |   223 |   335 |       |       ||   650
       Demon trident     |       |       |   132 |   272 |   161 ||   565
       Punch             |       |       |       |     2 |     1 ||     3
Throw: Boomerang         |       |       |     5 |       |       ||     5
       Dart              |       |       |       |       |    22 ||    22
Invok: Berserk           |       |       |     1 |       |       ||     1
       Trog's Hand       |       |       |       |       |     1 ||     1
Evoke: Wand              |       |       |       |    18 |     5 ||    23
  Use: Scroll            |     4 |     2 |    11 |     6 |     3 ||    26
       Potion            |     1 |     1 |     3 |     4 |     3 ||    12
 Stab: Sleeping          |     1 |     2 |     6 |       |       ||     9
       Distracted        |       |       |     1 |     2 |       ||     3
Armor: Leather armour    |     9 |       |       |       |       ||     9
       Ring mail         |     4 |    65 |   178 |    78 |    58 ||   383
Dodge: Dodged            |    47 |    90 |   261 |   163 |    75 ||   636

Table legend: (Time is in decaauts)
 A = Elapsed time spent in this place.
 B = Non-inter-level travel time spent in this place.
 C = Inter-level travel time spent in this place.
 D = Time resting spent in this place.
 E = Time spent auto-exploring this place.
 F = Levels seen in this place.
 G = Mean time per level.
                   A        B        C        D        E       F      G
               +--------+--------+--------+--------+--------+-----+--------+
         Total |  11024 |  11024 |      0 |    708 |   6309 |  13 |  848.0 |
       Dungeon |  10619 |  10619 |      0 |    708 |   6208 |  12 |  884.9 |
         Sewer |    405 |    405 |      0 |      0 |    101 |   1 |  405.0 |
               +--------+--------+--------+--------+--------+-----+--------+

Top non-repeatable levels by time:
     D:4: 1185 daAuts
     D:1: 1182 daAuts
     D:7: 1098 daAuts
    D:12: 1010 daAuts
    D:11: 917 daAuts
     D:8: 904 daAuts
     D:5: 903 daAuts
     D:6: 898 daAuts
     D:3: 887 daAuts
     D:2: 743 daAuts
    D:13: 585 daAuts
   Sewer: 405 daAuts
     D:9: 302 daAuts
